 Dungeon Crawl Stone Soup version 0.19.5 (webtiles) character file.

219 JeffiDaFish the Shield-Bearer (level 5, -3/33 HPs)
             Began as a Gargoyle Fighter on Oct 23, 2017.
             Slain by an ogre
             ... wielding a +0 giant club
              (24 damage)
             ... on level 3 of the Dungeon.
             The game lasted 00:05:19 (2782 turns).

JeffiDaFish the Shield-Bearer (Gargoyle Fighter)    Turns: 2782, Time: 00:05:19

Health: -3/33      AC: 12    Str: 19    XL:     5   Next: 96%
Magic:  5/5        EV:  8    Int:  9    God:
Gold:   202        SH: 10    Dex: 10    Spells: 0 memorised, 4 levels left

rFire  . . .     SeeInvis .     a - +0 flail
rCold  + . .     Gourm    .     b - +0 scale mail
rNeg   + . .     Faith    .     c - +1 shield
rPois  ∞         Spirit   .     (no helmet)
rElec  +         Reflect  .     (no cloak)
rCorr  .         Harm     .     (no gloves)
MR     .....                    l - +0 pair of boots
Stlth  ..........               (no amulet)
                                n - ring of flight
                                g - ring of protection from cold

@: no status effects
A: negative energy resistance 1, electricity resistance, unbreathing,
petrification resistance, rot immunity, AC +4
a: Evoke Flight


You were on level 3 of the Dungeon.
You were not hungry.

You visited 1 branch of the dungeon, and saw 3 of its levels.

You collected 202 gold pieces.

Inventory:

Hand Weapons
 a - a +0 flail (weapon)
Armour
 b - a +0 scale mail (worn)
 c - a +1 shield (worn)
 l - a +0 pair of boots (worn)
Jewellery
 g - a ring of protection from cold (left hand)
 n - a ring of flight (right hand)
Wands
 e - a wand of teleportation (6/9)
Scrolls
 d - a scroll of identify
 m - a scroll of random uselessness
 p - a scroll of remove curse
Potions
 j - 2 potions of might
 o - a potion of curing
Comestibles
 f - 3 bread rations
 h - a slice of pizza
 i - a beef jerky
 k - 2 fruits


   Skills:
 + Level 4.1 Fighting
 + Level 4.0 Maces & Flails
 + Level 4.0 Armour
 + Level 1.3 Dodging
 + Level 4.2 Shields


You had 4 spell levels left.
You didn't know any spells.

Dungeon Overview and Level Annotations

Branches:
Dungeon (3/15)

Altars:


Innate Abilities, Weirdness & Mutations

You are resistant to torment.
Your stone body is resilient. (AC +4)
You are immune to poison.
You resist negative energy. (rN+)
You are resistant to electric shocks. (rElec)
You can survive without breathing.
You are immune to petrification.
You are immune to rotting.


Message History

No target in view!
No target in view!
No target in view!
There is an open door here.
You open the door.
There is an open door here.
An ogre comes into view. It is wielding a giant club.
The ogre shouts!
An adder comes into view.
The adder hisses angrily.
The ogre hits you with a giant club.
You hit the ogre but do no damage. You block the ogre's attack.
You sock the ogre!
The ogre is moderately wounded.
You block the adder's attack. The ogre hits you with a giant club.
You hit the ogre.
The ogre is heavily wounded.
The adder barely misses you. The ogre hits you with a giant club!!
Ouch! That really hurt!
You die...

...##+## #........#
####...## #.##.###.#
##.....## #.##.###
##.......## #.#....#
#.....>...###....#.#
+.........'........# #
#.........###....#.#.#
##.......## #...S....#
##.....## #...@O#.##
##.(.## #.###...#
##'## #.# #### #.# #.#
#)# #.# #####.## #.#
.......## #.#
.##.....# #.#
.###...## #.#


You could see an ogre and an adder.

Vanquished Creatures
  A crimson imp (D:3)
  Ijyb (D:2)
  A worker ant (D:3)
  3 gnolls (D:2)
  4 adders (D:3)
  An ooze (D:2)
  A dart slug (D:2)
  2 leopard geckos (D:1)
  8 giant cockroaches
  8 goblins
  3 hobgoblins
  2 jackals (D:2)
  11 bats
  3 frilled lizards
  10 kobolds
  8 rats
67 creatures vanquished.

Notes
Turn   | Place    | Note
-------+----------+-------------------------------------------
     0 | D:1      | JeffiDaFish the Gargoyle Fighter began the quest for the Orb.
     0 | D:1      | Reached XP level 1. HP: 14/14 MP: 1/1
   467 | D:1      | Reached XP level 2. HP: 19/19 MP: 2/2
  1143 | D:2      | Reached XP level 3. HP: 23/23 MP: 3/3
  1515 | D:2      | HP: 1/23 [giant cockroach (1)]
  1516 | D:2      | Reached skill level 1 in Dodging
  1516 | D:2      | Reached XP level 4. HP: 1/28 MP: 4/4
  2051 | D:2      | Noticed Ijyb
  2061 | D:2      | Killed Ijyb
  2150 | D:3      | Reached XP level 5. HP: 32/33 MP: 5/5
  2776 | D:3      | Noticed an ogre
  2782 | D:3      | Slain by an ogre

Skill      XL: |  1  2  3  4  5 |
---------------+----------------+-----
Dodging        | 1 |  1.3
Shields        | 4 |  4.2
Maces & Flails | 3 4 |  4.0
Armour         | 4 |  4.0
Fighting       | 4 |  4.1

Action                   |  1- 3 |  4- 6 || total
-------------------------+-------+-------++-------
Melee: Flail             |   162 |   111 ||   273
  Use: Potion            |     6 |     2 ||     8
       Scroll            |     4 |     1 ||     5
  Eat: Chunk             |     2 |     5 ||     7
Armor: Scale mail        |   143 |    45 ||   188
Dodge: Dodged            |    81 |    29 ||   110
Block: Shield            |   128 |    76 ||   204
